 Dungeon Crawl Stone Soup version 0.30-a0-897-ga2f19c967e (webtiles) character file.

Game seed: 9763203421811656188

967 GordonOverkill the Basher (level 8, -3/63 HPs)
             Began as a Meteoran Berserker on Mar 18, 2023.
             Was a Priest of Trog.
             Slain by a mummy (16 damage)
             ... in an ossuary.
             The game lasted 00:10:29 (1686 turns).

GordonOverkill the Basher (Meteoran Berserker)      Turns: 1686, Time: 00:10:29

Health: -3/63      AC:  8    Str: 19    XL:     8   Next: 65%
Magic:  9/9        EV:  8    Int:  7    God:    Trog [***...]
Gold:   180        SH:  0    Dex: 17    Spells: 7/7 levels left

rFire   . . .      SeeInvis +    a - +0 mace (venom)
rCold   . . .      Faith    .    (no shield)
rNeg    . . .      Spirit   .    k - +0 chain mail
rPois   .          Reflect  .    (no helmet)
rElec   .          Rampage  .    (no cloak)
rCorr   .                        (no gloves)
Will    +....                    (no boots) Stlth
                                 (no amulet)
HPRegen 0.30/turn                f - ring of see invisible
MPRegen 0.11/turn                (no ring)

@: mighty, marked, on berserk cooldown, slowed, glowing, very slow
A: sense surroundings 1, otherworldly, glowing, explore regen, agile 1, weak 1
a: Renounce Religion, Berserk, Trog's Hand


You were in an ossuary.
You worshipped Trog.
Trog was most pleased with you.
You visited 1 branch of the dungeon, and saw 6 of its levels.
You also visited: Ossuary.

You collected 180 gold pieces.

Inventory:

Hand Weapons
 a - a +0 mace of venom (weapon)
Missiles
 h - 4 poisoned darts (quivered)
Armour
 k - a +0 chain mail (worn)
Jewellery
 f - a ring of see invisible (left hand)
Scrolls
 c - a scroll of noise {unknown}
 e - 2 scrolls of teleportation
 g - a scroll of fog
 j - 2 scrolls of enchant armour {unknown}
 m - 2 scrolls of magic mapping {unknown}
 o - 2 scrolls of fear {unknown}
 r - a scroll of brand weapon
 s - a scroll of poison
Potions
 b - a potion of mutation
 d - a potion of attraction
 n - a potion of magic
 q - 2 potions of flight


   Skills:
 - Level 3.2 Fighting
 + Level 12.4 Maces & Flails
 - Level 2.4 Armour
 - Level 2.4 Dodging


You had 7 spell levels left.
You didn't know any spells.
Your spell library was empty.

Dungeon Overview and Level Annotations

Branches:
Dungeon (6/15) Zot: 1890   Temple (0/1) D:4         Ossuary (1/1) Zot: 509

Altars:


Innate Abilities, Weirdness & Mutations

You passively map a small area around you.
You are easily found by Zot.
You glow in the dark.
You regain HP and MP as you explore.
You are agile. (Dex +4, Str/Int -1)
You are weak. (Str -2)


Message History

Really walk into that dispersal trap?
You enter a dispersal trap!
The hobgoblin zombie blinks! x2
The centaur zombie blinks!
The mummy blinks!
The hobgoblin zombie blinks!
The centaur zombie blinks!
The mummy blinks!
The hobgoblin zombie blinks!
You blink.
The mummy barely misses you. The centaur zombie hits you.
* * * LOW HITPOINT WARNING * * *
The centaur zombie kicks you but does no damage.
The centaur zombie attacks as you move away!
The centaur zombie hits you.
* * * LOW HITPOINT WARNING * * *
The centaur zombie barely misses you.
The hobgoblin zombie fails to trigger a net trap.
The centaur zombie hits you but does no damage.
The centaur zombie kicks you but does no damage.
The centaur zombie attacks as you move away!
The centaur zombie hits you but does no damage.
The centaur zombie kicks you but does no damage.
The hobgoblin zombie fails to trigger a net trap.
The centaur zombie misses you. The centaur zombie closely misses you.
The centaur zombie attacks as you move away!
The centaur zombie hits you but does no damage.
The centaur zombie barely misses you.
The hobgoblin zombie fails to trigger a net trap.
The mummy hits you but does no damage.
The centaur zombie hits you but does no damage.
The centaur zombie barely misses you.
You see here a potion of might.
i - a potion of might The hobgoblin zombie hits you but does no damage.
The hobgoblin zombie fails to trigger a net trap.
The mummy hits you but does no damage.
The hobgoblin zombie hits you but does no damage.
The centaur zombie hits you but does no damage.
The centaur zombie kicks you but does no damage.
You feel very mighty all of a sudden.
The centaur zombie hits you but does no damage.
The centaur zombie kicks you but does no damage.
The hobgoblin zombie hits you but does no damage.
The mummy hits you!
You die...

####################
.#.#.#.#.#.#.##....##
....§^^......^^.....##
§......Z..^^.........##
...^.M§..............∩#
..^ZZ.....^....ZZ....##
.^.§...^....^.^ZMM..##
.#.#.#.#.#.#.##Z@!!##
*# #################


You could see 2 mummies, 3 hobgoblin zombies and a centaur zombie.

Vanquished Creatures
  An ogre (D:5)
  An elf skeleton (D:5)
  5 scorpions
  4 centaur zombies (Ossuary)
  A hound (D:5)
  3 human zombies (D:5)
  An iguana (D:4)
  2 human skeletons (D:5)
  An orc wizard (D:4)
  3 mummies (Ossuary)
  A gnoll (D:1)
  4 adders
  A worm (D:2)
  2 dart slugs
  7 orcs (D:4)
  5 endoplasms
  A giant cockroach (D:1)
  2 goblins
  9 hobgoblins
  15 jackals
  4 ball pythons
  7 bats
  3 frilled lizards
  A hobgoblin zombie (Ossuary)
  9 kobolds
  2 orc skeletons (D:5)
  4 rats
99 creatures vanquished.

Vanquished Creatures (others)
  4 fungi (D:4)
4 creatures vanquished.

Grand Total: 103 creatures vanquished

Notes
Turn   | Place    | Note
-------+----------+-------------------------------------------
     0 | D:1      | GordonOverkill the Meteoran Berserker began the quest for
                  | the Orb.
     0 | D:1      | Reached XP level 1. HP: 19/19 MP: 2/2
    76 | D:1      | Reached XP level 2. HP: 26/26 MP: 3/3
   181 | D:1      | Reached skill level 5 in Maces & Flails
   222 | D:1      | Reached XP level 3. HP: 31/31 MP: 4/4
   408 | D:1      | Reached XP level 4. HP: 37/38 MP: 5/5
   423 | D:1      | Reached skill level 6 in Maces & Flails
   451 | D:1      | Reached ** piety under Trog
   458 | D:1      | Glimpsed the power of Zot.
   748 | D:3      | Reached XP level 5. HP: 45/45 MP: 6/6
   789 | D:3      | Reached skill level 7 in Maces & Flails
  1068 | D:4      | Reached skill level 8 in Maces & Flails
  1068 | D:4      | Reached XP level 6. HP: 51/51 MP: 7/7
  1121 | D:4      | Found a staircase to the Ecumenical Temple.
  1152 | D:4      | Reached skill level 9 in Maces & Flails
  1240 | D:5      | Entered Level 5 of the Dungeon
  1288 | D:5      | Reached XP level 7. HP: 57/57 MP: 8/8
  1339 | D:5      | Reached skill level 10 in Maces & Flails
  1466 | D:5      | Reached XP level 8. HP: 59/63 MP: 9/9
  1502 | D:5      | Reached skill level 11 in Maces & Flails
  1548 | D:5      | Reached *** piety under Trog
  1579 | D:5      | Found a sand-covered staircase.
  1597 | Ossuary  | Entered an ossuary
  1616 | Ossuary  | Gained mutation: You are weak. (Str -2) [potion of
                  | mutation]
  1616 | Ossuary  | Gained mutation: You are agile. (Dex +4, Str/Int -1)
                  | [potion of mutation]
  1657 | Ossuary  | Reached skill level 12 in Maces & Flails
  1686 | Ossuary  | Slain by a mummy

Illustrated notes

Levels and vault maps discovered:
D:1:      minmay_arrival_stone_box, layout_basic
D:2:      layout_loops_ring
D:3:      layout_basic, uniq_jessica
D:4:      layout_loops_cross, mainiacjoe_overflow_alcove_4,
          grunt_temple_overflow_open, minmay_temple_entry_waves, nrook_campfire,
          minivault_24
D:5:      minmay_evil_eye, layout_basic, nicolae_ossuary_entry_catacombs
D:6:      layout_basic, general_overflow_altar
Ossuary:  ossuary_the_hunt_dpeg

Skill      XL: |  1  2  3  4  5  6  7  8 |
---------------+-------------------------+-----
Maces & Flails | 5 6 8 9 10 12 | 12.4
Fighting       | |  3.2
Armour         | |  2.4
Dodging        | |  2.4

Action                     |  1- 3 |  4- 6 |  7- 9 || total
---------------------------+-------+-------+-------++-------
  Melee: Mace              |    76 |   148 |   128 ||   352
         Punch             |       |     1 |     4 ||     5
 Invoke: Berserk           |     3 |     6 |     3 ||    12
         Trog's Hand       |       |       |     1 ||     1
    Use: Scroll            |       |     7 |     6 ||    13
         Potion            |       |     1 |     6 ||     7
 Armour: Animal skin       |    33 |     8 |       ||    41
         Ring mail         |       |    17 |       ||    17
         Chain mail        |       |    58 |   208 ||   266
  Dodge: Dodged            |    49 |    64 |    98 ||   211

Table legend: (Time is in decaauts)
 A = Elapsed time spent in this place.
 B = Non-inter-level travel time spent in this place.
 C = Inter-level travel time spent in this place.
 D = Time resting spent in this place.
 E = Time spent auto-exploring this place.
 F = Levels seen in this place.
 G = Mean time per level.
                   A        B        C        D        E       F      G
               +--------+--------+--------+--------+--------+-----+--------+
         Total |   1798 |   1771 |     27 |     52 |      6 |   7 |  256.9 |
       Dungeon |   1709 |   1682 |     27 |     52 |      6 |   6 |  284.8 |
       Ossuary |     89 |     89 |      0 |      0 |      0 |   1 |   89.0 |
               +--------+--------+--------+--------+--------+-----+--------+

Top non-repeatable levels by time:
     D:1: 539 daAuts
     D:4: 381 daAuts
     D:5: 367 daAuts
     D:2: 248 daAuts
     D:3: 169 daAuts
 Ossuary: 89 daAuts
     D:6: 1 daAuts
